 Seeded DCSS version 0.31-a0-149-g3fdcc5976a (webtiles) character file.

Game seed: 13756538122855080540 (custom seed)

13 Pimp the Sneak (level 2, 13/13 HPs)
             Began as a Spriggan Conjurer on June 7, 2023.
             Quit the game on level 1 of the Dungeon.
             The game lasted 00:00:49 (612 turns).

Pimp the Sneak (Spriggan Conjurer)                   Turns: 612, Time: 00:00:49

Health: 13/13      AC:  2    Str:  3    XL:     2   Next: 24%
Magic:  7/7        EV: 17    Int: 19    God:
Gold:   29         SH:  0    Dex: 13    Spells: 6/7 levels left

rFire   . . .        (weapon restricted)
rCold   . . .        (no shield)
rNeg    . . .        a - +0 robe
rPois   .            (helmet restricted)
rElec   .            (no cloak)
rCorr   .            (gloves unavailable)
SInv    +            (boots unavailable)
Will    .....        (no amulet)
Stlth   ++           (no ring)
HPRegen 0.22/turn    (no ring)
MPRegen 0.10/turn

%: no passive effects
@: very quick
A: very small, no large weapons, unfitting armour, see invisible, speed 3
a: no special abilities


You were on level 1 of the Dungeon.
You visited 1 branch of the dungeon, and saw 1 of its levels.

You collected 29 gold pieces.

Inventory:

Armour
 a - a +0 robe (worn)
Scrolls
 d - a scroll of acquirement
Potions
 b - a potion of magic
 c - a potion of enlightenment {unknown}


   Skills:
 + Level 3.0 Dodging
 + Level 3.4 Stealth
 + Level 3.0 Spellcasting
 + Level 3.1 Conjurations


You had 6 spell levels left.
You knew the following spells:

 Your Spells              Type           Power      Damage    Failure   Level
a - Magic Dart            Conj           56%        1d5       4%          1

Your spell library contained the following spells:

 Spells                   Type           Power      Damage    Failure   Level
 Searing Ray              Conj           28%        2d5       6%          2
 Momentum Strike          Conj/Tloc      16%        3d8       12%         2
 Blink                    Tloc           4%         N/A       22%         2
 Lesser Beckoning         Tloc           4%         N/A       22%         2
 Dazzling Flash           Conj/Hex       16%        N/A       24%         3
 Fulminant Prism          Conj/Hex       4%         3d5       63%         4
 Iskenderun's Mystic Bla  Conj/Tloc      8%         2d4       63%         4


Dungeon Overview and Level Annotations

Branches:
Dungeon (1/15)

Altars:


Innate Abilities, Weirdness & Mutations

You are very small and have problems with some larger weapons.
You are too small for most types of armour.
You have supernaturally acute eyesight. (SInv)
You cover ground extremely quickly. (Speed+++)


Message History

The bat is moderately wounded.
The bat hits you but does no damage.
A bat is nearby!
The magic dart hits the bat.
The bat is heavily wounded.
The bat completely misses you.
The magic dart hits the bat.
You kill the bat!
You can't see any susceptible monsters within range! (Use Z to cast anyway.)
You see here a bat corpse.
A rat comes into view.
A rat is nearby!
The magic dart hits the rat.
You kill the rat!
You can't see any susceptible monsters within range! (Use Z to cast anyway.)
A goblin comes into view. It is wielding a +0 club.
A goblin is nearby!
Found a stone staircase leading down.
Found 11 gold pieces.
You miscast Magic Dart.
You are very lightly contaminated with residual magic.
Nothing appears to happen.
You miscast Magic Dart.
Nothing appears to happen.
The goblin barely misses you.
The magic dart hits the goblin.
The goblin is heavily wounded.
The goblin closely misses you.
The magic dart hits the goblin.
You kill the goblin!
You can't see any susceptible monsters within range! (Use Z to cast anyway.)
Your magical contamination has completely faded away.
You now have 29 gold pieces (gained 11).
Found 6 stones.
Found a leather armour.
c - a lumpy white potion
d - a scroll labelled PUESOU HYKADYT Unknown command.
This is a scroll of acquirement!
Unknown command.
Are you sure you want to abandon this character and quit the game? (Confirm with "yes".)

.............#..##.#.##.##
####........##............
# #.##.#...†#.###.#.##.##
# #.##.#.#..#........# .
..##.#.#..#####.#..# #
##.##...............# #
#.##.#.##.#####.##.#.####
.......................
........[.@..#..#.#####
.##.#####.#(.#.# .....# #
##.#.## ...... ....###
#.#.# #.#.


There were no monsters in sight!

Vanquished Creatures
  A dart slug (D:1)
  A bat (D:1)
  2 goblins (D:1)
  A hobgoblin (D:1)
  2 ball pythons (D:1)
  4 rats (D:1)
11 creatures vanquished.

Notes
Turn   | Place    | Note
-------+----------+-------------------------------------------
     0 | D:1      | Pimp the Spriggan Conjurer began the quest for the Orb.
     0 | D:1      | Reached XP level 1. HP: 9/9 MP: 5/5
   393 | D:1      | Reached XP level 2. HP: 13/13 MP: 3/6
   612 | D:1      | Identified a scroll of acquirement
   612 | D:1      | Quit the game

Illustrated notes

Levels and vault maps discovered:
D:1:      scummos_arrival_star, layout_basic

Skill      XL: |  1  2 |
---------------+-------+-----
Conjurations   | 3 |  3.1
Dodging        | 3 |  3.0
Spellcasting   | 3 |  3.0
Stealth        | |  3.4

Action                     || total
---------------------------++-------
   Cast: Magic Dart        ||    29
 Armour: Robe              ||     1
  Dodge: Dodged            ||     6

Table legend: (Time is in decaauts)
 A = Elapsed time spent in this place.
 B = Non-inter-level travel time spent in this place.
 C = Inter-level travel time spent in this place.
 D = Time resting spent in this place.
 E = Time spent auto-exploring this place.
 F = Levels seen in this place.
 G = Mean time per level.
                   A        B        C        D        E       F      G
               +--------+--------+--------+--------+--------+-----+--------+
         Total |    505 |    505 |      0 |     17 |    410 |   1 |  505.0 |
       Dungeon |    505 |    505 |      0 |     17 |    410 |   1 |  505.0 |
               +--------+--------+--------+--------+--------+-----+--------+

Top non-repeatable levels by time:
     D:1: 505 daAuts
